cohdb
Replays
Latest Replays
All Replays
Popular Replays
Top Player Replays
Match Explorer
How It Works
Community
CoH3 Stats
Reddit
Sign in to upload your games and track your stats! →
Sign in with Steam
Match 43491573
Unlisted
Match 43491573
Overview
Messages
Build Orders
End
Construct Section Command Post
Selects Australian Defense Battlegroup
Selects Australian Light Infantry Section
Australian Light Infantry Section
ML 3-inch Mortar Team
Vickers Machine Gun Team
Australian Light Infantry Section
Selects 2-pounder Anti-tank Gun Team
2-pounder Anti-tank Gun Team
Construct Platoon Command Post
Selects CMP 15cwt Supply Run
CMP 15cwt Supply Run
Construct Company Command Post
Selects Artillery Trip Wire Flares
Matilda II Heavy Tank
Foot Guards Section
Crusader II Medium Tank
El Pollo
Minipax
Ms Profile Name
Borland
Particycles
Milliam
[ЯΞПΞGΔ2]DRAGO
Tenal Jan
0
0
Comments
sign in to comment!
No comments posted yet!